 Dungeon Crawl Stone Soup version 0.28-a0-906-g0406aca7d3 (webtiles) character file.

Game seed: 6840575081939588275

44 mcbry74 the Chopper (level 3, 33/33 HPs)
             Began as a Hill Orc Fighter on Nov 23, 2021.
             Was an Initiate of Ashenzari.
             Quit the game on level 1 of the Dungeon.
             The game lasted 00:05:00 (979 turns).

mcbry74 the Chopper (Hill Orc Fighter)               Turns: 979, Time: 00:05:01

Health: 33/33      AC:  6    Str: 19    XL:     3   Next: 60%
Magic:  3/3        EV:  9    Int:  8    God:    Ashenzari [......]
Gold:   18         SH:  4    Dex: 10    Spells: 2/2 levels left

rFire   . . .      SeeInvis .   a - +0 war axe
rCold   . . .      Faith    .   c - +0 buckler
rNeg    . . .      Spirit   .   b - +0 scale mail
rPois   .          Reflect  .   (no helmet)
rElec   .          Harm     .   (no cloak)
rCorr   .          Rampage  .   (no gloves)
Will    .....                   (no boots)
Stlth   ..........              (no amulet)
HPRegen 0.11/turn               (no ring)
MPRegen 0.08/turn               (no ring)

@: no status effects
A: no striking features
a: Renounce Religion, Curse Item


You were on level 1 of the Dungeon.
You worshipped Ashenzari.
Ashenzari was noncommittal.
You visited 1 branch of the dungeon, and saw 1 of its levels.

You collected 18 gold pieces.

Inventory:

Hand Weapons
 a - a +0 war axe (weapon)
Armour
 b - a +0 scale mail (worn)
 c - a +0 buckler (worn)
Scrolls
 e - a scroll of brand weapon {unknown}
 f - 2 scrolls of teleportation {unknown}
 h - a scroll of identify {unknown}
 i - a scroll of noise {unknown}
 j - a scroll of holy word {unknown}
 m - 2 scrolls of blinking {unknown}
Potions
 d - 2 potions of might
 g - a potion of heal wounds {unknown}
 k - a potion of haste {unknown}
 l - 2 potions of lignification {unknown}


   Skills:
 - Level 3.9 Fighting
 + Level 4.4 Axes
 - Level 3.5 Armour
 - Level 3.5 Shields


You had 2 spell levels left.
You didn't know any spells.
Your spell library contained the following spells:

 Spells                   Type           Power      Damage    Failure   Level
 Stone Arrow              Conj/Erth      0%         3d7       99%         3
 Animate Armour           Summ/Erth      0%         N/A       100%        4
 Summon Forest            Summ/Tloc      0%         N/A       100%        5
 Summon Mana Viper        Hex/Summ       0%         N/A       100%        5
 Summon Cactus Giant      Summ           0%         N/A       100%        6
 Lehudib's Crystal Spear  Conj/Erth      0%         10d2      100%        8


Dungeon Overview and Level Annotations

Branches:
Dungeon (1/15)

Altars:
Ashenzari


Message History

The ball python hisses angrily.
You closely miss the ball python.
The ball python bites you but does no damage.
You block the ball python's attack.
You hit the ball python.
The ball python is moderately wounded.
The ball python bites you. The ball python closely misses you.
The ball python barely misses you. You block the ball python's attack.
You slash the ball python!
You kill the ball python!
Found a stone staircase leading down.
There is a stone staircase leading down here.
m - 2 scrolls labelled HIDDIZ MAXZA KEAQ You open the door.
There is an open door here.
You enter the shallow water.
Moving in this stuff is going to be slow.
There is an open door here.
You enter the shallow water.
Moving in this stuff is going to be slow.
There is an open door here.
You enter the shallow water.
Moving in this stuff is going to be slow.
There is an open door here.
Done exploring.
There is a faded altar of an unknown god here.
You cannot tell which god this altar belongs to.
Convert to them anyway?
Ashenzari accepts your prayer! Ashenzari welcomes you!
Ashenzari warns you of distant threats and treasures.
Ashenzari reveals the structure of the dungeon to you.
Ashenzari shows you where magical portals lie.
Okay, then.
Are you sure you want to abandon this character and quit the game? (Confirm with "yes".)
Okay, then.
Done exploring.
No target in view!
There is an open door here.
Ashenzari invites you to partake of a vision and a curse of melee combat and beguiling.
Okay, then.
Unknown command.
Are you sure you want to abandon this character and quit the game? (Confirm with "yes".)

.# #......##### #.............
.#####.....≈≈≈≈≈## #.............
....##....≈≈≈≈≈≈≈###......###....
#...##...≈≈≈≈≈≈≈≈≈≈#........#....
#...'...≈≈≈≈≈≈≈≈≈≈≈.........+....
#...##..≈≈≈#####≈#..........#....
...###.≈≈≈≈#...#≈...........#....
...###.≈≈≈≈#._.'.##..............
.......≈≈≈≈#...#@..............#.
.......#≈≈≈#####≈≈.#.........[..^
.......#≈≈≈≈≈≈≈≈≈≈..###........#.
.......##≈≈≈≈≈≈≈≈≈≈.###.....##)..
........#.≈≈≈≈≈≈≈............#...
........#..≈≈≈≈≈.....####.##.#...
..>.....'....................#...
#.......#.............##.....#.#.
#................#....##.....#...


There were no monsters in sight!

Vanquished Creatures
  A gnoll (D:1)
  A dart slug (D:1)
  2 giant cockroaches (D:1)
  4 goblins (D:1)
  A hobgoblin (D:1)
  6 jackals (D:1)
  4 ball pythons (D:1)
  2 bats (D:1)
  2 frilled lizards (D:1)
  5 kobolds (D:1)
  A rat (D:1)
29 creatures vanquished.

Notes
Turn   | Place    | Note
-------+----------+-------------------------------------------
     0 | D:1      | mcbry74 the Hill Orc Fighter began the quest for the Orb.
     0 | D:1      | Reached XP level 1. HP: 19/19 MP: 1/1
    28 | D:1      | Reached XP level 2. HP: 22/27 MP: 2/2
   199 | D:1      | Reached skill level 3 in Axes
   350 | D:1      | Reached XP level 3. HP: 32/33 MP: 3/3
   489 | D:1      | Found a faded altar of an unknown god.
   507 | D:1      | Reached skill level 4 in Axes
   975 | D:1      | Prayed at the altar of an unknown god.
   975 | D:1      | Became a worshipper of Ashenzari the Shackled
   979 | D:1      | Quit the game

Illustrated notes

Levels and vault maps discovered:
D:1:      sevenhm_arrival_forest_fort_small_4, layout_basic,
          nicolae_ecumenical_lake_church

Skill      XL: |  1  2  3 |
---------------+----------+-----
Axes           | 3 4 |  4.4
Fighting       | |  3.9
Armour         | |  3.5
Shields        | |  3.5

Action                   || total
-------------------------++-------
Melee: War axe           ||    78
Armor: Scale mail        ||    34
Dodge: Dodged            ||    43
Block: Buckler           ||    24

Table legend: (Time is in decaauts)
 A = Elapsed time spent in this place.
 B = Non-inter-level travel time spent in this place.
 C = Inter-level travel time spent in this place.
 D = Time resting spent in this place.
 E = Time spent auto-exploring this place.
 F = Levels seen in this place.
 G = Mean time per level.
                   A        B        C        D        E       F      G
               +--------+--------+--------+--------+--------+-----+--------+
         Total |   1016 |   1014 |      2 |    280 |    536 |   1 | 1016.0 |
       Dungeon |   1016 |   1014 |      2 |    280 |    536 |   1 | 1016.0 |
               +--------+--------+--------+--------+--------+-----+--------+

Top non-repeatable levels by time:
     D:1: 1016 daAuts
